 Dungeon Crawl Stone Soup version 0.22-a0-307-g2b15929 (webtiles) character file.

1591 Amnesiac the Zephyrmancer (level 8, -2/61 HPs)
             Began as a Barachi Air Elementalist on Apr 1, 2018.
             Slain by Amnesiac's ghost (11 damage)
             ... on level 5 of the Dungeon.
             The game lasted 00:09:54 (6013 turns).

Amnesiac the Zephyrmancer (BaAE)                    Turns: 6013, Time: 00:09:55

Health: -2/61      AC:  5    Str:  9    XL:     8   Next: 93%
Magic:  0/16       EV: 22    Int: 23    God:
Gold:   153        SH:  0    Dex: 18    Spells: 11/18 levels left

rFire    . . .     SeeInvis .   h - +2 dagger (venom)
rCold    . . .     Gourm    .   (no shield)
rNeg     . . .     Faith    .   a - +0 robe
rPois    .         Spirit   .   (no helmet)
rElec    .         Reflect  .   u - +1 cloak
rCorr    .         Harm     .   b - +0 pair of gloves
MR       .....                  (no boots)
Stlth    +++.......             (no amulet)
HPRegen  0.20/turn              (no ring)
MPRegen  0.15/turn              (no ring)

@: brilliant, agile, slow
A: +LOS, swims, slowness 1, strong legs 1
a: Hop


You were on level 5 of the Dungeon.
You were not hungry.

You visited 1 branch of the dungeon, and saw 5 of its levels.

You collected 153 gold pieces.

Inventory:

Hand Weapons
 h - a +2 dagger of venom (weapon)
 q - a +1 dagger of draining
Armour
 a - a +0 robe (worn)
 b - a +0 pair of gloves (worn)
 d - +0 fire dragon scales
 t - a scarf of cloud immunity
 u - a +1 cloak (worn)
Wands
 n - a wand of digging (2)
 r - a wand of flame (40)
 A - a wand of paralysis (15)
Scrolls
 g - 2 scrolls of immolation {!r, unknown}
 i - 4 scrolls of remove curse {!r}
 m - a scroll of amnesia {!r, unknown}
 o - a scroll of enchant armour {!r, unknown}
 p - 2 scrolls of teleportation {!r, unknown}
 s - a scroll of random uselessness {!r, unknown}
 v - 3 scrolls of identify {!r}
 x - 2 scrolls of enchant weapon {!r, unknown}
 y - 2 scrolls of fog {!r, unknown}
 z - a scroll of fear {!r, unknown}
Potions
 e - 2 potions of resistance {!q}
 j - a potion of agility {!q}
 k - a potion of haste {!q, unknown}
 l - a potion of might {!q}
Comestibles
 c - 4 rations


   Skills:
 + Level 4.5 Fighting
 * Level 6.5 Dodging
 - Level 1.7 Stealth
 - Level 5.5 Spellcasting
 - Level 1.1 Conjurations
 - Level 8.1 Air Magic


You had 11 spell levels left.
You knew the following spells:

 Your Spells              Type           Power        Failure   Level  Hunger
a - Airstrike             Air            ######....   1%          4    ####...
b - Swiftness             Chrm/Air       #####...     1%          2    None
d - Shock                 Conj/Air       ####         1%          1    None


Dungeon Overview and Level Annotations

Branches:
Dungeon (5/15)
 Temple: D:4-7

Altars:
Fedhas
Kikubaaqudgha
Nemelex Xobeh
Qazlal
Yredelemnul

Annotations:
D:3 exclusion: oklob plant
D:5 Amnesiac's ghost, novice BaAE


Innate Abilities, Weirdness & Mutations

Shadows flee at your approach. (+LOS)
You can swim through water.
You cover ground slowly.
You can hop short distances.


Message History

Aiming: Shock (safe; 1% risk of failure)
Press: ? - help, Shift-Dir - straight line, f/p - Amnesiac's ghost
Aim: Amnesiac's ghost, wielding a weapon of protection (almost destroyed) That beam is likely to hit you.
Continue anyway?
The zap hits Amnesiac's ghost.
Amnesiac's ghost appears unharmed.
Amnesiac's ghost is almost destroyed.
The zap misses Amnesiac's ghost.
The zap misses you. Amnesiac's ghost hits you.
You closely miss Amnesiac's ghost.
Amnesiac's ghost is almost destroyed.
Amnesiac's ghost hits you but does no damage.
You barely miss Amnesiac's ghost.
Amnesiac's ghost is almost destroyed.
Amnesiac's ghost barely misses you.
You hit Amnesiac's ghost but do no damage.
Amnesiac's ghost is almost destroyed.
Amnesiac's ghost hits you!
You closely miss Amnesiac's ghost.
Amnesiac's ghost is almost destroyed.
Amnesiac's ghost casts a spell.
Amnesiac's ghost puts on a burst of speed!
You hit Amnesiac's ghost but do no damage.
Amnesiac's ghost is almost destroyed.
Amnesiac's ghost waves its arms in wide circles.
The air twists around and strikes you!
* * * LOW HITPOINT WARNING * * *
You hit Amnesiac's ghost but do no damage.
Amnesiac's ghost is almost destroyed.
Amnesiac's ghost points at you and mumbles some strange words.
The zap hits you!
* * * LOW HITPOINT WARNING * * *
Casting: Shock (safe; 1% risk of failure)
Confirm with . or Enter, or press ? or * to list all spells.
Aiming: Shock (safe; 1% risk of failure)
Press: ? - help, Shift-Dir - straight line, f/p - Amnesiac's ghost
Aim: Amnesiac's ghost, wielding a weapon of protection (almost destroyed, covering ground quickly) That beam is likely to hit you.
Continue anyway?
The zap hits Amnesiac's ghost.
Amnesiac's ghost appears unharmed.
Amnesiac's ghost is almost destroyed.
The zap hits Amnesiac's ghost.
Amnesiac's ghost appears unharmed.
Amnesiac's ghost is almost destroyed.
The zap misses you. Amnesiac's ghost hits you.
* * * LOW HITPOINT WARNING * * *
You hit Amnesiac's ghost but do no damage.
Amnesiac's ghost is almost destroyed.
Amnesiac's ghost gestures at you while chanting.
The zap hits you!
* * * LOW HITPOINT WARNING * * *
All of the chunks of flesh in your inventory have rotted away.
Really quaff
j - 2 puce potions {!q}?
It was a potion of agility {!q}.
You feel agile all of a sudden. Amnesiac's ghost completely misses you.
Really quaff
w - 2 coppery potions {!q}?
It was a potion of curing {!q}.
You feel better.
Amnesiac's ghost waves its arms in wide circles.
The air twists around and strikes you!
* * * LOW HITPOINT WARNING * * *
Really quaff
f - a cyan potion {!q}?
It was a potion of brilliance {!q}.
You feel clever all of a sudden. Amnesiac's ghost completely misses you.
Really quaff
w - a potion of curing {!q}?
You feel better. Amnesiac's ghost hits you!
You die...

#.# #.# ###### #.#§§§§§§§
#.#§§§§§§§ #.#§§§§§§§
##.#§§§§§§§ #. ##..######§§ ##
#!..#......._#8§ .#
#...@W######§§ .#
#...###.#§§§§§§ .# #. #)# §§§§
.# #)# §§ .##### ##'# ..##..
##..### ### ..##.#### ##.....##
####.# ..##.##.## ##.......##
##.##.#
..##.#...####.........####...#.#


You could see a diamond obelisk and Amnesiac's ghost.

Vanquished Creatures
  Pikel (D:4)
  Sigmund (D:5)
  Edmund (D:4)
  A phantom (D:5)
  3 slaves (D:4)
  An ogre (D:4)
  A scorpion (D:4)
  A vampire bat (D:2)
  2 howler monkeys
  A hound (D:5)
  2 centaur skeletons
  An orc priest (D:5)
  Crazy Yiuf (D:2)
  Jessica (D:2)
  Terence (D:2)
  Natasha (thrice) (D:2)
  2 worker ants (D:4)
  Ijyb (D:5)
  An orc wizard (D:5)
  A hound zombie (D:5)
  A gnoll (D:1)
  5 adders
  2 oozes
  An adder skeleton (D:4)
  3 worms
  4 dart slugs
  2 leopard geckos (D:1)
  12 orcs
  3 bats
  2 bat skeletons (D:2)
  3 bat zombies (D:2)
  3 giant cockroaches
  6 goblins
  4 hobgoblins
  7 kobolds
  2 frilled lizards
  10 rats
97 creatures vanquished.

Notes
Turn   | Place    | Note
-------+----------+-------------------------------------------
     0 | D:1      | Amnesiac the Barachi Air Elementalist began the quest for the Orb.
     0 | D:1      | Reached XP level 1. HP: 13/13 MP: 3/3
   136 | D:1      | Reached XP level 2. HP: 8/19 MP: 0/5
   613 | D:1      | Reached XP level 3. HP: 20/24 MP: 3/7
  1089 | D:2      | Learned a level 2 spell: Swiftness
  1206 | D:2      | Reached skill level 4 in Air Magic
  1294 | D:2      | Noticed Jessica
  1300 | D:2      | Killed Jessica
  1300 | D:2      | Reached XP level 4. HP: 30/30 MP: 5/9
  1324 | D:2      | Noticed Natasha
  1330 | D:2      | Killed Natasha
  1339 | D:2      | Noticed Natasha
  1355 | D:2      | Killed Natasha
  1355 | D:2      | Reached XP level 5. HP: 10/35 MP: 2/11
  1361 | D:2      | Learned a level 4 spell: Airstrike
  1631 | D:2      | Noticed Natasha
  1634 | D:2      | Killed Natasha
  1634 | D:2      | Reached skill level 5 in Air Magic
  1850 | D:2      | Found a basalt altar of Yredelemnul.
  2095 | D:2      | Found an ancient bone altar of Kikubaaqudgha.
  2167 | D:2      | Noticed Terence
  2182 | D:2      | Killed Terence
  2182 | D:2      | Reached XP level 6. HP: 20/41 MP: 0/12
  2206 | D:2      | Found a runed door.
  2264 | D:2      | Noticed Crazy Yiuf
  2269 | D:2      | Killed Crazy Yiuf
  2269 | D:2      | Reached skill level 6 in Air Magic
  2724 | D:3      | Found a blossoming altar of Fedhas.
  2735 | D:3      | Noticed an oklob plant
  3414 | D:4      | Noticed a slave
  3414 | D:4      | Noticed a slave
  3443 | D:4      | Killed a slave
  3709 | D:4      | Noticed a slave
  3709 | D:4      | Noticed a slave
  3710 | D:4      | Noticed Pikel
  3733 | D:4      | Killed a slave
  3913 | D:4      | Killed a slave
  4004 | D:4      | Killed Pikel
  4004 | D:4      | Reached skill level 5 in Spellcasting
  4004 | D:4      | Reached skill level 8 in Air Magic
  4004 | D:4      | Reached XP level 7. HP: 31/46 MP: 1/15
  4191 | D:4      | Found a sparkling altar of Nemelex Xobeh.
  4209 | D:4      | HP: 2/47 [poisoned by a worker ant]
  4217 | D:4      | HP: 2/47 [poisoned by a worker ant]
  4488 | D:4      | Reached skill level 1 in Fighting
  4488 | D:4      | Reached XP level 8. HP: 48/54 MP: 16/16
  4571 | D:4      | Noticed Edmund
  4623 | D:4      | Killed Edmund
  5025 | D:5      | Entered Level 5 of the Dungeon
  5127 | D:5      | Noticed Amnesiac's ghost (novice BaAE)
  5302 | D:5      | Reached skill level 5 in Dodging
  5427 | D:5      | Noticed Sigmund
  5430 | D:5      | Killed Sigmund
  5645 | D:5      | Noticed Ijyb
  5652 | D:5      | Paralysed by Ijyb for 6 turns
  5661 | D:5      | Killed Ijyb
  5993 | D:5      | Found a stormy altar of Qazlal.
  6013 | D:5      | Slain by Amnesiac's ghost

Vault maps used:
D:1:      minmay_arrival_four_loops
D:2:      overflow_temple_1_default, kennysheep_vampire_church,
          hangedman_feature_mirror, uniq_terence, uniq_crazy_yiuf_cottage,
          uniq_jessica, uniq_natasha
D:3:      first_ration, tgw_fedhas
D:4:      nemelex_xobeh_ov_fountains_minmay, grunt_decor_one_mirror, uniq_pikel,
          uniq_edmund
D:5:      overflow_temple_1_default, nicolae_qazlal_eye_of_the_storm,
          xom_redecorated, uniq_sigmund, uniq_ijyb

Skill      XL: |  1  2  3  4  5  6  7  8 |
---------------+-------------------------+-----
Spellcasting   | 3 4 5 |  5.5
Air Magic      | 4 5 8 |  8.1
Fighting       | 1 4 |  4.5
Dodging        | 6 |  6.5
Stealth        | |  1.7
Conjurations   | |  1.1

Action                   |  1- 3 |  4- 6 |  7- 9 || total
-------------------------+-------+-------+-------++-------
Melee: Unarmed           |     5 |       |       ||     5
       Dagger            |     3 |    42 |    94 ||   139
 Cast: Shock             |    62 |    76 |    12 ||   150
       Airstrike         |       |    10 |    45 ||    55
 Abil: Hop               |       |     1 |     1 ||     2
  Use: Scroll            |       |     2 |       ||     2
       Potion            |       |       |     4 ||     4
 Stab: Sleeping          |       |     1 |     1 ||     2
  Eat: Chunk             |     2 |    10 |    11 ||    23
       Ration            |       |       |     1 ||     1
Armor: Robe              |     3 |    18 |    20 ||    41
Dodge: Dodged            |    10 |    82 |    65 ||   157

Table legend:
 A = Spawn XP
 B = Non-spawn XP
 C = Spawn XP percentage of total XP
 D = Spawn monster count
 E = Non-spawn monster count
 F = Spawn count percentage of total count
 G = Total turns spent on level
                    A         B        C        D         E        F      G
               +---------+---------+-------+---------+---------+-------+---------
         Total |       0 |    2273 |   0.0 |       0 |      94 |   0.0 |  6013
               +---------+---------+-------+---------+---------+-------+---------
           D:1 |       0 |      43 |   0.0 |       0 |      17 |   0.0 |  1023
           D:2 |       0 |     330 |   0.0 |       0 |      29 |   0.0 |  1458
           D:3 |       0 |      38 |   0.0 |       0 |      13 |   0.0 |   748
           D:4 |       0 |    1191 |   0.0 |       0 |      14 |   0.0 |  1807
           D:5 |       0 |     671 |   0.0 |       0 |      21 |   0.0 |   977
               +---------+---------+-------+---------+---------+-------+---------
